Map: Lost and Found LE

Players

GOStephano (Stephano) - Winner!

  • Race: Zerg Zerg
  • League: Master
  • Spawn Location: 7:00

InZaNe

  • Race: Terran Terran
  • League: Grandmaster
  • Spawn Location: 1:00

Event: HomeStory Cup XVII

VOD

Have the link to the VOD?

Description

Time

  • Played on: June 28, 2018, 11:38 a.m.
  • Length: 15:38

All games in this series

Show
View Real Time Build Order
Export as new Build Order

GOStephano Zerg - Winner!

Build Orders: Pool First 

Get SALT Encoding   

  12  0:00  Drone  
  13  0:12  Overlord  
  13  0:17  Drone  
  14  0:31  Drone x2  
  16  0:35  Drone  
  17  0:45  Spawning Pool  
  17  0:47  Drone  
  17  1:07  Hatchery  
  17  1:10  Drone  
  17  1:23  Extractor  
  16  1:32  Queen, Zergling x6  
  21  1:43  Overlord  
  21  1:57  Drone  
  22  2:04  Drone  
  22  2:08  Queen  
  25  2:15  Drone  
  25  2:20  Drone  
  26  2:25  Queen  
  26  2:27  Overlord  
  28  2:35  Drone  
  29  2:41  Drone x5  
  34  2:58  Hatchery  
  33  3:00  Drone  
  33  3:03  Drone  
  33  3:08  Queen  
  33  3:11  Metabolic Boost  
  35  3:17  Drone x2  
  35  3:19  Drone  
  38  3:23  Zergling x2  
  38  3:26  Zergling x2  
  40  3:27  Drone x2  
  40  3:30  Overlord  
  42  3:38  Drone  
  43  3:47  Drone  
  43  3:48  Overlord, Queen  
  44  3:49  Drone x2  
  44  3:51  Drone  
  44  3:55  Zergling x2  
  50  3:56  Queen  
  52  4:02  Overlord  
  52  4:11  Overlord  
  52  4:14  Queen  
  52  4:15  Drone x4  
  58  4:20  Overlord  
  58  4:23  Drone x3  
  61  4:27  Zergling x4  
  61  4:28  Zergling x2  
  64  4:35  Evolution Chamber x2  
  62  4:39  Drone x4  
  62  4:43  Zergling x2  
  66  4:52  Queen  
  68  4:53  Drone x6  
  68  4:55  Overlord  
  74  5:04  Zerg Ground Armor Level 1, Zerg Melee Weapons Level 1  
  74  5:10  Spore Crawler  
  74  5:11  Drone  
  74  5:12  Extractor  
  74  5:13  Extractor  
  72  5:14  Overlord, Spore Crawler  
  72  5:16  Drone  
  72  5:18  Drone x4  
  76  5:26  Zergling x2  
  76  5:27  Zergling x12  
  82  5:37  Hatchery  
  82  5:39  Overlord  
  82  5:42  Drone x6  
  87  5:51  Lair  
  87  5:57  Baneling Nest, Hatchery  
  87  5:59  Zergling x10  
  90  6:11  Drone x10  
  97  6:20  Zergling x6  
  100  6:26  Zergling x2  
  100  6:27  Zergling x4  
  100  6:30  Overlord  
  99  6:45  Zergling x6  
  102  6:52  Zergling x22  
  113  6:57  Hatchery  
  113  7:01  Zerg Ground Armor Level 2, Zerg Melee Weapons Level 2  
  112  7:03  Centrifical Hooks  
  112  7:04  Zergling x12  
  118  7:08  Drone x2  
  118  7:10  Overlord x3, Extractor  
  118  7:12  Extractor  
  118  7:20  Zergling x6  
  121  7:23  Baneling x6  
  121  7:25  Drone  
  121  7:26  Drone x4  
  121  7:28  Overlord x2  
  125  7:41  Zergling x18  
  134  7:45  Extractor x2  
  134  7:46  Infestation Pit  
  131  7:54  Drone x6  
  131  7:55  Overlord, Drone x3  
  140  8:01  Zergling x8  
  140  8:02  Zergling x14  
  151  8:06  Baneling x7  
  151  8:07  Baneling  
  151  8:11  Hydralisk Den, Zergling x12  
  149  8:25  Hive  
  149  8:26  Drone  
  149  8:27  Drone x4  
  150  8:28  Overlord  
  150  8:29  Spore Crawler  
  143  8:42  Zergling x34  
  143  8:44  Muscular Augments  
  158  8:53  Hydralisk x2  
  162  9:06  Hydralisk x6, Hatchery  
  172  9:25  Hydralisk x8  
  172  9:26  Extractor  
  187  9:31  Overlord  
  187  9:33  Overlord x3  
  187  9:34  Pneumatized Carapace  
  187  9:36  Zerg Missile Weapons Level 1  
  187  9:39  Evolution Chamber  
  186  9:46  Zerg Ground Armor Level 3  
  186  9:49  Drone  
  186  9:50  Overlord x2  
  187  9:54  Spine Crawler  
  187  9:56  Grooved Spines, Spine Crawler  
  185  10:01  Overlord  
  185  10:02  Overlord x2  
  185  10:11  Zerg Melee Weapons Level 3  
  185  10:12  Adrenal Glands  
  185  10:17  Zergling x28  
  199  10:38  Drone  
  197  10:55  Zergling x2  
  197  10:56  Zergling x4  
  200  10:57  Overlord  
  200  11:03  Baneling x13  
  200  11:10  Hatchery  
  189  11:27  Drone x9  
  189  11:28  Drone x2  
  200  11:46  Zerg Missile Weapons Level 2  
  197  11:58  Ultralisk Cavern  
  173  12:26  Zergling x42  
  166  12:31  Hydralisk  
  166  12:32  Hydralisk x24  
  186  12:37  Zergling x22  
  192  12:45  Baneling  
  192  12:46  Baneling x17, Chitinous Plating  
  192  12:51  Drone x7  
  199  13:07  Baneling x14  
  193  13:23  Zergling x12  
  196  13:30  Zergling x10  
  199  13:39  Zergling x30  
  199  13:58  Spine Crawler x2  
  199  13:59  Spine Crawler  
  190  14:11  Zergling x26  
  192  14:17  Zergling x4  
  192  14:18  Zergling x10  
  192  14:23  Zergling x2  
  192  14:24  Zergling x40  
  193  14:27  Zergling x12  
  184  14:37  Zergling x18  
  193  14:41  Baneling x8  
  193  14:42  Baneling x6, Zergling x2  
  193  14:43  Overseer x5, Zergling x8  
  198  14:49  Zergling x2  
  199  14:57  Spine Crawler  
  199  14:58  Spine Crawler x2  
  196  15:01  Spore Crawler  
  196  15:02  Spore Crawler x2, Spine Crawler x3  
  190  15:22  Baneling x9  
Show
View Real Time Build Order
Export as new Build Order

InZaNe Terran 

Build Orders: Reaper Expand, Bio Tank 

Get SALT Encoding   

  12  0:00  SCV  
  13  0:12  SCV  
  14  0:17  Supply Depot  
  14  0:24  SCV  
  15  0:38  SCV  
  15  0:40  Barracks  
  16  0:44  Refinery  
  16  0:50  SCV  
  17  1:03  SCV  
  18  1:15  SCV  
  19  1:27  Orbital Command  
  19  1:28  Reaper  
  20  1:40  Command Center  
  20  1:48  Supply Depot  
  20  2:00  Marine  
  21  2:03  SCV  
  22  2:12  Factory  
  22  2:16  SCV  
  22  2:22  Barracks Reactor  
  22  2:28  SCV  
  23  2:34  Refinery  
  23  2:40  SCV  
  21  2:52  SCV  
  22  3:04  SCV  
  22  3:09  Hellion x2  
  22  3:12  Orbital Command  
  26  3:29  Command Center  
  26  3:31  SCV  
  27  3:36  Barracks Tech Lab  
  27  3:38  SCV  
  28  3:43  Hellion  
  28  3:44  SCV  
  31  3:50  Hellion, SCV  
  34  3:56  SCV  
  34  3:59  Marine  
  34  4:02  Stimpack, SCV  
  37  4:07  Hellion  
  37  4:08  SCV  
  40  4:11  Hellion  
  40  4:14  SCV  
  42  4:17  Marine  
  42  4:20  SCV  
  44  4:27  SCV  
  45  4:32  Engineering Bay, SCV  
  45  4:33  Engineering Bay  
  46  4:41  Hellion x2, Marine, SCV  
  46  4:44  SCV  
  53  4:45  Orbital Command  
  53  4:53  SCV  
  53  4:56  SCV  
  53  4:59  Supply Depot, Terran Infantry Weapons Level 1  
  55  5:00  Terran Infantry Armor Level 1  
  55  5:10  SCV x2  
  55  5:11  SCV  
  55  5:12  Supply Depot  
  55  5:13  Marine  
  59  5:14  Factory Reactor  
  59  5:20  Barracks x2  
  59  5:22  SCV x2  
  59  5:24  Refinery, SCV  
  59  5:26  Refinery  
  62  5:31  Marine  
  62  5:34  SCV x2  
  62  5:45  Orbital Command  
  62  5:46  SCV x2  
  62  5:49  Marine  
  64  5:54  Barracks  
  64  5:55  Barracks  
  64  5:58  SCV x2  
  66  6:06  Marine, Factory Tech Lab  
  66  6:08  Marine  
  66  6:09  Marine  
  66  6:10  SCV x2  
  71  6:14  SCV  
  71  6:17  Marine  
  71  6:18  Marine  
  68  6:22  SCV x2  
  68  6:24  Marine  
  66  6:26  Orbital Command, Marine x2, SCV  
  61  6:34  SCV  
  61  6:35  Marine x2, SCV  
  62  6:42  Marine  
  62  6:44  Armory, Marine x2  
  62  6:47  SCV x2  
  66  6:48  Barracks Reactor  
  66  6:50  Command Center, Barracks Reactor  
  66  6:51  SCV  
  66  6:53  Marine  
  68  6:59  Starport, SCV x2  
  70  7:03  SCV  
  70  7:05  Supply Depot  
  71  7:11  SCV x2  
  71  7:14  Marine  
  71  7:15  Marine x3  
  77  7:19  Marine, SCV  
  79  7:23  Siege Tank, SCV x2  
  79  7:27  Marine  
  79  7:29  Marine  
  85  7:30  Marine  
  85  7:31  SCV  
  85  7:35  SCV  
  89  7:38  Marine  
  89  7:41  Starport Reactor  
  89  7:42  SCV  
  92  7:44  Refinery  
  92  7:45  Terran Infantry Weapons Level 2  
  92  7:47  Refinery, Terran Infantry Armor Level 2  
  92  7:49  Marine x2  
  93  7:56  Supply Depot, Marine  
  93  7:57  SCV x2  
  93  7:58  Supply Depot  
  96  8:04  SCV  
  98  8:09  SCV x2, Siege Tank  
  98  8:10  Terran Vehicle Weapons Level 1  
  98  8:12  Factory  
  102  8:16  SCV  
  99  8:21  SCV x2  
  99  8:22  Marine  
  99  8:26  Medivac x2  
  105  8:28  SCV  
  105  8:33  Combat Shields, SCV  
  107  8:35  SCV  
  107  8:36  Marine x3  
  107  8:37  Marine  
  107  8:39  Planetary Fortress  
  107  8:41  SCV  
  111  8:45  SCV  
  111  8:47  SCV, Marine, Siege Tank  
  111  8:48  Marine x4  
  121  8:53  SCV  
  122  8:57  SCV  
  122  8:59  SCV  
  122  9:02  Marine  
  125  9:04  Factory Tech Lab  
  125  9:05  Medivac  
  125  9:08  Medivac, Marine  
  125  9:09  Marine x2  
  132  9:15  Supply Depot  
  132  9:16  Supply Depot  
  132  9:19  Supply Depot x2  
  132  9:24  Marine x5  
  132  9:25  Siege Tank  
  140  9:34  Supply Depot x2  
  140  9:36  Marine x4, Siege Tank  
  147  9:39  Medivac x2  
  147  9:42  Marine x2  
  147  9:43  Marauder  
  147  9:44  Marine x2  
  157  9:54  Marine x4, Barracks  
  157  9:55  Barracks  
  157  9:58  Barracks  
  157  9:59  Siege Tank  
  164  10:00  Marine  
  164  10:02  Marine  
  164  10:03  Marine  
  164  10:04  Marauder  
  169  10:09  Marine  
  169  10:10  Siege Tank  
  169  10:11  Medivac x2, Marine x3  
  180  10:16  Ghost Academy  
  180  10:20  Terran Infantry Weapons Level 3  
  180  10:27  Marine x5, Marauder  
  187  10:29  Marine  
  187  10:34  Siege Tank  
  181  10:44  Terran Infantry Armor Level 3  
  181  10:47  Marine  
  181  10:48  Barracks Tech Lab x2, Marauder  
  174  10:56  Refinery, Barracks Tech Lab  
  174  10:57  Marine  
  174  10:58  Sensor Tower, Marine x2  
  174  10:59  Marine  
  174  11:02  Command Center  
  178  11:08  Concussive Shells  
  178  11:09  Marauder x2  
  178  11:10  Marauder  
  179  11:19  Marauder, Marine  
  179  11:20  Marine x7  
  179  11:24  Refinery  
  184  11:31  Marauder  
  184  11:32  Ghost x2  
  190  11:34  Terran Vehicle And Ship Armor Level 1  
  190  11:40  Ghost  
  190  11:43  Siege Tank  
  192  11:51  Siege Tank  
  195  12:13  Orbital Command, Ghost x2  
  199  12:17  Ghost  
  199  12:19  Siege Tank  
  182  12:23  Marine x8, Marauder  
  181  12:34  SCV x2  
  181  12:35  SCV  
  178  12:37  Personal Cloaking  
  178  12:41  Marine x3  
  178  12:42  Marauder x2  
  185  12:45  Marauder  
  185  12:46  Marauder, SCV x2  
  191  13:06  Sensor Tower, Missile Turret  
  191  13:12  Medivac x2  
  195  13:18  Hi-Sec Auto Tracking  
  192  13:21  Building Armor  
  192  13:24  Ghost x2  
  192  13:26  Marine x6  
  177  13:39  SCV  
  177  13:40  SCV x3  
  169  13:50  Siege Tank x2  
  169  13:51  SCV  
  169  13:52  SCV x3  
  177  13:58  Sensor Tower  
  177  13:59  Missile Turret  
  177  14:08  Missile Turret  
  177  14:09  Command Center  
  177  14:10  Missile Turret  
  168  14:22  Siege Tank x2  
  150  14:24  Marine x2  
  150  14:25  Marauder x2  
  150  14:28  Ghost x2, Marine  
  150  14:29  Marine  
  158  14:33  SCV x4  
  159  14:45  Ghost, SCV x2  
  162  14:47  SCV  
  164  14:55  Siege Tank x2  
  164  14:57  SCV x2  
  164  14:59  SCV  
  173  15:04  Ghost x2  
  177  15:07  Ghost  
  181  15:24  Missile Turret  
Tags
 
Add a new tag
Caveats
  • Supply blocks, unpowered buildings, or Contaminate may cause inaccurate times.
  • Supply counts are checked every 10 seconds.